 Dungeon Crawl Stone Soup version 0.30-a0-341-g682706514a (webtiles) character file.

Game seed: 16546231483820308962

19396 retardedninja the Cleaver (level 12, 0/113 HPs)
             Began as a Hill Orc Fighter on Nov 3, 2022.
             Was a High Priest of Dithmenos.
             Slain by a lindwurm (2 damage)
             ... while petrified by a catoblepas
             ... on level 3 of the Lair of Beasts.
             The game lasted 00:27:22 (12174 turns).

retardedninja the Cleaver (Hill Orc Fighter)       Turns: 12174, Time: 00:27:22

Health: 0/113      AC: 30    Str: 24    XL:     12   Next: 68%
Magic:  12/12      EV:  2    Int:  8    God:    Dithmenos [*****.]
Gold:   336        SH:  0    Dex: 10    Spells: 11/11 levels left

rFire   x . .      SeeInvis .    a - +0 war axe
rCold   + + .      Faith    .    c - +0 buckler
rNeg    + + +      Spirit   .    M - +9 ice dragon scales of Hysteria {+Inv rF- rC++ Slay+3}
rPois   ∞          Reflect  .    x - +0 helmet
rElec   .          Harm     .    D - +0 cloak
rCorr   .          Rampage  .    t - +0 pair of gloves
Will    .....                    N - +1 pair of boots
Stlth   ..........               r - amulet of regeneration
HPRegen 1.18/turn                p - ring of flight
MPRegen 0.13/turn                z - +4 ring of evasion

@: mighty, petrified, flying, hasted, wreathed by umbra
A: no striking features
a: Renounce Religion, Evoke Invisibility, Shadow Step, Shadow Form


You were on level 3 of the Lair of Beasts.
You worshipped Dithmenos.
Dithmenos was extremely pleased with you.
You visited 2 branches of the dungeon, and saw 12 of its levels.
You also visited: Sewer.

You collected 816 gold pieces.
You spent 480 gold pieces at shops.

Inventory:

Hand Weapons
 a - a +0 war axe (weapon)
Missiles
 C - 3 throwing nets (quivered)
Armour
 c - a +0 buckler (worn)
 t - a +0 pair of gloves (worn)
 x - a +0 helmet (worn)
 D - a +0 cloak (worn)
 M - the +9 ice dragon scales of Hysteria (worn) {+Inv rF- rC++ Slay+3}
   (You found it on level 9 of the Dungeon)

   Slay:      It affects your accuracy & damage with ranged weapons and melee
   (+3).
   rF:        It makes you vulnerable to fire.
   rC:        It greatly protects you from cold.
   +Inv:      It lets you turn invisible.
 N - a +1 pair of boots (worn)
Jewellery
 l - a ring of wizardry
 p - a ring of flight (left hand)
 r - an amulet of regeneration (around neck)
 y - a +4 ring of evasion
 z - a +4 ring of evasion (right hand)
 G - a ring of resist corrosion
 H - a +4 ring of protection
 J - a +6 ring of intelligence
Wands
 d - a wand of digging (7)
 j - a wand of charming (10)
 E - a wand of roots (13)
Scrolls
 g - a scroll of amnesia
 h - 5 scrolls of noise
 k - 4 scrolls of vulnerability
 u - 2 scrolls of torment
 B - a scroll of magic mapping
 F - 2 scrolls of identify
 I - a scroll of fear
Potions
 b - a potion of brilliance
 f - a potion of magic
 i - a potion of mutation
 m - 2 potions of ambrosia
 n - 2 potions of attraction
 o - 2 potions of cancellation
 q - 4 potions of flight
 s - 5 potions of curing
 A - a potion of resistance
Miscellaneous
 e - a condenser vane (inert)


   Skills:
 + Level 12.9 Fighting
 + Level 13.6 Axes
 + Level 11.9 Armour
 + Level 11.8 Shields


You had 11 spell levels left.
You didn't know any spells.
Your spell library contained the following spells:

 Spells                   Type           Power      Damage    Failure   Level
 Sting                    Tmut/Pois      0%         1d3       77%         1
 Cigotuvi's Dreadful Rot  Necr/Pois/Air  0%         N/A       88%         2
 Poisonous Vapours        Pois/Air       0%         N/A       88%         2
 Ignite Poison            Fire/Tmut/Pois 0%         N/A       98%         3
 Mephitic Cloud           Conj/Pois/Air  0%         N/A       98%         3
 Olgreb's Toxic Radiance  Pois           0%         N/A       100%        4
 Sticky Flame             Conj/Fire      0%         2d3       100%        4
 Ignition                 Fire           0%         3d3       100%        8


Dungeon Overview and Level Annotations

Branches:
Dungeon (9/15)             Temple (0/1) D:5            Lair (3/5) D:8
 Spider (0/4) Lair:2          Orc (0/2) D:9           Sewer (visited)
  Swamp: Lair:2-3    Shoals: Lair:2-3

Altars:
Cheibriados
Dithmenos
Gozag
Kikubaaqudgha
Makhleb
Okawaru
Sif Muna
Vehumet

Shops:
D:2 [   D:4 [   D:8 *

Annotations:
Lair:1 exclusion: oklob plant
Lair:3 Nergalle


Message History

The death yak gores you but does no damage.
The catoblepas breathes a plume of calcifying dust at you.
The blast of calcifying dust hits you.
You feel yourself speed up. The catoblepas closely misses you.
The death yak gores you but does no damage.
The death yak gores you. The death yak gores you!
Your limbs are stiffening.
You slice the catoblepas!!
You kill the catoblepas!
Dithmenos accepts your kill.
You hit the death yak but do no damage. You slash the death yak!
You kill the death yak!
Dithmenos accepts your kill.
You hit the death yak but do no damage.
The death yak gores you but does no damage. x2
You have turned to stone.
Nergalle the Soulbinder comes into view.
She is wielding a +0 dagger and wearing a +1 robe of fire resistance.
The death yak gores you but does no damage.
The death yak gores you.
Nergalle shouts!
The lindwurm bites you but does no damage.
The lindwurm claws you but does no damage. x2
The death yak gores you but does no damage.
The death yak gores you! The lindwurm breathes flames at you.
The blast of flame hits you!!! The fire burns you terribly!
* * * LOW HITPOINT WARNING * * *
The death yak gores you!
* * * LOW HITPOINT WARNING * * *
The death yak gores you!
* * * LOW HITPOINT WARNING * * *
Nergalle points at you and mumbles some strange words.
Orcish apparitions take form around you.
The lindwurm bites you.
* * * LOW HITPOINT WARNING * * *
The lindwurm claws you but does no damage. x2
The death yak gores you but does no damage. x2
The lindwurm bites you!
* * * LOW HITPOINT WARNING * * *
The lindwurm claws you.
You die...

... .. ?. . #
.## ... .#..#
....###...#
......YZ.#
...o.Zk@.#
.....ZY††......
....##P...##.#.
... ###..# .
... ..## ..#
..#


You could see 2 death yaks, Nergalle, a lindwurm (catching breath), 2 spectral
orc warriors and a spectral orc knight (summoned).

Vanquished Creatures
  A catoblepas (Lair:3)
  A hydra (Lair:1)
  A death yak (Lair:3)
  The ghost of olddryhag the Chopper, a novice DsGl of Qazlal (D:8)
  A cyclops (D:9)
  5 elephants (Lair:2)
  2 black mambas
  2 cane toads
  A demonic crawler (Lair:2)
  4 komodo dragons
  2 polar bears
  8 blink frogs
  Sigmund (D:5)
  A shadow (D:9)
  5 wyverns
  A wraith (D:9)
  22 yaks
  A basilisk (Lair:1)
  Grum (D:7)
  A vampire mosquito (D:8)
  3 steam dragons
  11 water moccasins
  3 ice beasts
  Pargi (Sewer)
  2 sky beasts
  2 black bears
  6 wolves
  2 ogres
  3 centaurs
  3 phantoms
  2 kobold brigands (D:8)
  5 scorpions
  5 bullfrogs
  7 wights (D:8)
  2 troll zombies (D:9)
  An electric eel (D:8)
  2 howler monkeys (D:9)
  8 hounds
  4 orc priests
  2 jellies
  4 gnoll boudas
  Natasha (thrice) (D:4)
  An iguana (D:5)
  5 orc wizards
  4 ogre zombies (D:9)
  2 killer bee simulacra (D:8)
  20 gnolls
  14 adders
  A shadow imp (D:7)
  A white imp (D:8)
  4 ufetubi
  3 worms
  4 dart slugs
  19 orcs
  13 bats
  4 endoplasms
  3 giant cockroaches
  8 goblins
  5 hobgoblins
  A jackal (D:7)
  15 kobolds
  5 quokkas
  10 ball pythons
  4 frilled lizards
  A goblin skeleton (D:9)
  A goblin zombie (D:9)
  A hobgoblin skeleton (D:9)
  A hobgoblin zombie (D:9)
  4 orc skeletons (D:9)
  11 orc zombies (D:9)
  7 rats
315 creatures vanquished.

Vanquished Creatures (collateral kills)
  2 gnoll sergeants (D:7)
  A hound (D:7)
  3 gnolls (D:7)
  A jackal (D:7)
7 creatures vanquished.

Vanquished Creatures (others)
  A kobold (D:8)
  A bush (Lair:2)
  23 fungi
  54 plants
  A withered plant (D:3)
80 creatures vanquished.

Grand Total: 402 creatures vanquished

Notes
Turn   | Place    | Note
-------+----------+-------------------------------------------
     0 | D:1      | retardedninja the Hill Orc Fighter began the quest for the
                  | Orb.
     0 | D:1      | Reached XP level 1. HP: 19/19 MP: 1/1
   111 | D:1      | Reached XP level 2. HP: 27/27 MP: 2/2
   126 | D:1      | Reached skill level 3 in Axes
   583 | D:2      | Reached XP level 3. HP: 32/33 MP: 3/3
   699 | D:2      | Found Zoutith's Antique Armour Shoppe.
   845 | D:2      | Found the +7 staff of the Meek {protect, meekguard}
  1003 | D:2      | Reached XP level 4. HP: 37/40 MP: 4/4
  2001 | D:3      | Reached skill level 4 in Axes
  2059 | D:3      | Identified the +1 short sword "Mauga" {flame, rC+ Will+
                  | rCorr Dex-5}
  2138 | D:3      | Reached XP level 5. HP: 45/47 MP: 5/5
  2407 | D:3      | Found an ancient bone altar of Kikubaaqudgha.
  2876 | D:3      | Found a faded altar of an unknown god.
  2883 | D:3      | Prayed at the altar of an unknown god.
  2883 | D:3      | Became a worshipper of Dithmenos the Shadowed
  2883 | D:3      | Reached * piety under Dithmenos
  3146 | D:4      | Noticed Natasha
  3152 | D:4      | Reached skill level 5 in Fighting
  3158 | D:4      | Reached XP level 6. HP: 47/56 MP: 6/6
  3174 | D:4      | Killed Natasha
  3488 | D:4      | Found Toususomp's Antique Armour Shoppe.
  3588 | D:4      | Reached skill level 5 in Axes
  3588 | D:4      | Reached skill level 5 in Armour
  3773 | D:4      | Noticed Natasha
  3779 | D:4      | Killed Natasha
  3780 | D:4      | Reached skill level 5 in Shields
  3780 | D:4      | Reached XP level 7. HP: 61/61 MP: 7/7
  3878 | D:4      | Noticed Natasha
  3886 | D:4      | Killed Natasha
  3996 | D:5      | Entered Level 5 of the Dungeon
  4236 | D:5      | Reached ** piety under Dithmenos
  4237 | D:5      | Reached skill level 6 in Axes
  4415 | D:5      | Reached XP level 8. HP: 40/71 MP: 8/8
  4499 | D:5      | Noticed Sigmund
  4511 | D:5      | Killed Sigmund
  4674 | D:5      | Found a staircase to the Ecumenical Temple.
  4750 | D:5      | Reached skill level 7 in Axes
  5118 | D:6      | Found a glowing drain.
  5130 | Sewer    | Entered a sewer
  5161 | Sewer    | Noticed Pargi
  5180 | Sewer    | Killed Pargi
  5325 | D:6      | Found a burning altar of Makhleb.
  5325 | D:6      | Found a snail-covered altar of Cheibriados.
  5332 | D:6      | Found a faded altar of an unknown god.
  5334 | D:6      | Found an iron altar of Okawaru.
  5336 | D:6      | Found a radiant altar of Vehumet.
  5378 | D:6      | Found a shimmering blue altar of Sif Muna.
  5434 | D:6      | Reached XP level 9. HP: 79/80 MP: 9/9
  5743 | D:7      | Reached skill level 8 in Axes
  5748 | D:7      | Reached *** piety under Dithmenos
  6294 | D:7      | Noticed Grum
  6303 | D:7      | Killed Grum
  6469 | D:7      | Reached skill level 9 in Axes
  6778 | D:8      | Reached XP level 10. HP: 26/91 MP: 10/10
  7102 | D:8      | Found a staircase to the Lair.
  7140 | D:8      | Reached **** piety under Dithmenos
  7141 | D:8      | Reached skill level 10 in Axes
  7336 | D:8      | Found Mith's Gadget Gallery.
  7349 | D:8      | Bought a condenser vane for 480 gold pieces
  7463 | D:8      | Reached skill level 10 in Fighting
  7510 | D:8      | Found a runed translucent gate.
  7511 | D:8      | Found a runed translucent gate.
  7511 | D:8      | Found an opulent altar of Gozag.
  7808 | D:8      | Found a runed translucent gate.
  7810 | D:8      | Noticed olddryhag's ghost (novice DsGl)
  7895 | D:8      | Killed olddryhag's ghost
  8104 | D:9      | Reached skill level 11 in Axes
  8104 | D:9      | Reached XP level 11. HP: 93/101 MP: 11/11
  8135 | D:9      | Found a staircase to the Orcish Mines.
  8146 | D:9      | Reached ***** piety under Dithmenos
  8804 | D:9      | Reached skill level 10 in Armour
  9052 | D:9      | Noticed a cyclops
  9070 | D:9      | Killed a cyclops
  9071 | D:9      | Reached skill level 10 in Shields
  9435 | D:9      | Identified the +9 ice dragon scales of Hysteria {+Inv rF-
                  | rC++ Slay+3}
  9750 | Lair:1   | Entered Level 1 of the Lair of Beasts
 10344 | Lair:1   | Reached skill level 12 in Axes
 10668 | Lair:1   | Noticed an eight-headed hydra
 10678 | Lair:1   | Killed a 15-headed hydra
 10741 | Lair:1   | Noticed an oklob plant
 10828 | Lair:1   | Found an ancient bone altar of Kikubaaqudgha.
 10988 | Lair:1   | Reached XP level 12. HP: 91/112 MP: 12/12
 11454 | Lair:2   | Found a hole to the Spider Nest.
 11492 | Lair:2   | Reached skill level 13 in Axes
 11758 | Lair:2   | Noticed a death yak
 11760 | Lair:2   | Noticed a catoblepas
 11760 | Lair:2   | Noticed a death yak
 11761 | Lair:2   | Noticed a death yak
 11761 | Lair:2   | Noticed a death yak
 12084 | Lair:2   | Noticed a death yak
 12120 | Lair:2   | Noticed a death yak
 12169 | Lair:3   | Killed a catoblepas
 12169 | Lair:3   | Killed a death yak
 12170 | Lair:3   | Noticed Nergalle
 12172 | Lair:3   | HP: 3/113 [death yak (7)]
 12174 | Lair:3   | Slain by a lindwurm

Illustrated notes

Levels and vault maps discovered:
D:1:      dpeg_arrival_windows_large_door, layout_basic, minmay_bisected
D:2:      layout_basic, serial_shops, shop
D:3:      layout_loops_ring, kiku_gazebo_garden_becter,
          dilly_ecumenical_altar_fadedgnrine, minmay_misc_feat_encased,
          minmay_increasing_density
D:4:      layout_loops_corners, serial_shops, nicolae_shop_window_shopping,
          uniq_natasha
D:5:      layout_basic, temple_pool_b, uniq_sigmund
D:6:      layout_rooms, chequers_temple_overflow_minitemple, lemuel_round_altar,
          portal_sewer_entry_d, uniq_crazy_yiuf_cottage
D:7:      layout_cave_pools, serial_gnoll_camp, gnoll_camp_mini_hut,
          grums_kennel, gnoll_camp_mini_house, gnoll_camp_huts_basic,
          nicolae_underground_beach
D:8:      layout_basic, minmay_lair_entry_grove, ebering_ghost_gozag,
          serial_ice, serial_ice_d, serial_ice_h, serial_ice_f, serial_ice_m,
          nicolae_shop_gadgets
D:9:      layout_long_grid, zombieorc1_lemuel
Lair:1:   layout_loops_ring, basic_altar
Lair:2:   layout_regular_city, minmay_shoals_entry_hut,
          nicolae_spider_entry_non_spiders, nicolae_lair_grazing_beasts
          [nicolae_sub_lair_graze_edge, nicolae_sub_lair_graze_edge,
          nicolae_sub_lair_graze_edge, nicolae_sub_lair_graze_edge]
Lair:3:   layout_small_grid, lemuel_centaur_altar, uniq_nergalle

Skill      XL: |  1  2  3  4  5  6  7  8  9 10 11 12 |
---------------+-------------------------------------+-----
Axes           | 3 4 5 6 7 9 11 12 13 | 13.6
Fighting       | 4 5 6 7 9 10 11 12 | 12.9
Armour         | 4 5 7 8 9 11 | 11.9
Shields        | 4 5 6 8 9 10 11 | 11.8

Action                   |  1- 3 |  4- 6 |  7- 9 | 10-12 || total
-------------------------+-------+-------+-------+-------++-------
Melee: War axe           |    89 |   215 |   391 |   540 ||  1235
Evoke: Condenser vane    |       |       |       |     1 ||     1
  Use: Scroll            |       |       |    19 |    10 ||    29
       Potion            |       |       |     4 |    13 ||    17
 Stab: Confused          |       |       |       |     2 ||     2
Armor: Scale mail        |    36 |    78 |       |       ||   114
       Plate armour      |       |    25 |   329 |   123 ||   477
       Skin              |       |       |       |    58 ||    58
       Ice dragon scales |       |       |       |   225 ||   225
Dodge: Dodged            |    49 |   106 |   201 |   364 ||   720
Block: Buckler           |    26 |    54 |   103 |   213 ||   396

Table legend: (Time is in decaauts)
 A = Elapsed time spent in this place.
 B = Non-inter-level travel time spent in this place.
 C = Inter-level travel time spent in this place.
 D = Time resting spent in this place.
 E = Time spent auto-exploring this place.
 F = Levels seen in this place.
 G = Mean time per level.
                   A        B        C        D        E       F      G
               +--------+--------+--------+--------+--------+-----+--------+
         Total |  12357 |  11987 |    370 |   3094 |   6321 |  13 |  950.5 |
       Dungeon |   9841 |   9509 |    332 |   2361 |   5128 |   9 | 1093.4 |
          Lair |   2410 |   2372 |     38 |    732 |   1149 |   3 |  803.3 |
         Sewer |    105 |    105 |      0 |      0 |     44 |   1 |  105.0 |
               +--------+--------+--------+--------+--------+-----+--------+

Top non-repeatable levels by time:
     D:9: 1800 daAuts
  Lair:1: 1585 daAuts
     D:2: 1475 daAuts
     D:8: 1363 daAuts
     D:4: 1131 daAuts
     D:5: 948 daAuts
     D:3: 946 daAuts
     D:7: 896 daAuts
  Lair:2: 800 daAuts
     D:6: 717 daAuts
     D:1: 560 daAuts
   Sewer: 105 daAuts
  Lair:3: 24 daAuts
